[ AOE2 MATCH · #507105460 ]
UnrankedPersians vs Teutons
Player's team · WIN
Rival team · LOSS
[ REPLAY ANALYSIS · EXTRACTED FROM THE RECORDED GAME ]
Feudal
8:28
Castle
21:09
Imperial
41:22
| APM avg | 74.8 |
| APM peak | 115 |
| eAPM avg | 31.8 |
| Villagers / military | 143 / 60 |
Focus
⚔️ 24.6% · 🌾 75.4%
Knight ×21 · Skirmisher ×12 · War Elephant ×8 · Monk ×6 · Archer ×5 · Battering Ram ×5
Feudal
9:16
Castle
30:15
Imperial
—
| APM avg | 75.8 |
| APM peak | 143 |
| eAPM avg | 44.4 |
| Villagers / military | 161 / 107 |
Focus
⚔️ 57.7% · 🌾 42.3%
Spearman ×34 · Teutonic Knight ×24 · Skirmisher ×21 · Militia ×14 · Monk ×12 · Battering Ram ×2
Match map
Initial resources + every placement click. Lines = walls · curves = elevation contours. ◆ gold · ⬟ stone · ● berries · ✦ relic · ◌ wall gap
Your base· Open — opponent sealed themselves in
Shulk's base· ✓ Closed at 30:15 · 94t walls · 1 gate(s)
Smoothed initial terrain · ◌ = detected wall gap · hover for details
Inputs per minute
— EbolasRider - - Shulk
Build order — EbolasRider
First 150 of 428 actions detected
| 0:02 | Create | Villager (Male) |
| 0:02 | Create | Villager (Male) |
| 0:02 | Create | Villager (Male) |
| 0:03 | Build | House |
| 0:04 | Build | House |
| 0:08 | Create | Villager (Male) |
| 0:10 | Create | Villager (Male) |
| 1:26 | Create | Villager (Male) |
| 1:41 | Build | Lumber Camp |
| 1:49 | Create | Villager (Male) |
| 2:09 | Create | Villager (Male) |
| 2:30 | Build | House |
| 2:45 | Create | Villager (Male) |
| 3:15 | Build | House |
| 3:18 | Create | Villager (Male) |
| 3:30 | Create | Villager (Male) |
| 4:16 | Create | Villager (Male) |
| 4:28 | Build | Mill |
| 4:31 | Create | Villager (Male) |
| 4:36 | Create | Villager (Male) |
| 5:11 | Create | Villager (Male) |
| 5:44 | Create | Villager (Male) |
| 5:52 | Create | Villager (Male) |
| 6:25 | Research | Feudal Age |
| 6:53 | Build | Lumber Camp |
| 7:26 | Research | Loom |
| 7:32 | Build | Palisade Wall |
| 7:33 | Build | Palisade Wall |
| 7:33 | Build | Palisade Wall |
| 8:08 | Build | Barracks |
| 8:11 | Create | Villager (Male) |
| 8:15 | Build | Palisade Wall |
| 8:28 | Age | Feudal Age |
| 8:33 | Research | Double-Bit Axe |
| 8:36 | Create | Villager (Male) |
| 8:45 | Create | Villager (Male) |
| 9:05 | Build | Archery Range |
| 9:11 | Create | Villager (Male) |
| 9:15 | Build | Palisade Wall |
| 9:19 | Build | Palisade Wall |
| 9:21 | Build | Palisade Wall |
| 9:24 | Build | Palisade Wall |
| 9:25 | Build | Palisade Wall |
| 9:30 | Build | House |
| 9:56 | Create | Archer |
| 9:58 | Build | Mining Camp |
| 10:00 | Create | Villager (Male) |
| 10:03 | Build | Farm |
| 10:06 | Create | Villager (Male) |
| 10:24 | Build | Farm |
| 10:29 | Create | Villager (Male) |
| 10:53 | Build | House |
| 10:56 | Build | House |
| 11:01 | Build | House |
| 11:02 | Create | Archer |
| 11:10 | Create | Villager (Male) |
| 11:12 | Build | Farm |
| 11:13 | Create | Spearman |
| 11:16 | Create | Villager (Male) |
| 11:24 | Build | Farm |
| 11:33 | Create | Archer |
| 11:37 | Create | Villager (Male) |
| 11:49 | Build | House |
| 11:59 | Build | Farm |
| 12:02 | Create | Archer |
| 12:11 | Create | Villager (Male) |
| 12:35 | Build | Farm |
| 12:36 | Build | Farm |
| 12:38 | Create | Archer |
| 12:43 | Create | Villager (Male) |
| 12:45 | Build | Blacksmith |
| 13:00 | Create | Villager (Male) |
| 13:03 | Build | House |
| 13:12 | Create | Skirmisher |
| 13:13 | Create | Villager (Male) |
| 13:18 | Build | House |
| 13:31 | Research | Fletching |
| 13:34 | Build | House |
| 13:40 | Build | Farm |
| 13:44 | Build | Farm |
| 13:45 | Build | Farm |
| 13:48 | Create | Skirmisher |
| 13:53 | Create | Villager (Male) |
| 14:00 | Research | Padded Archer Armor |
| 14:03 | Create | Skirmisher |
| 14:05 | Create | Villager (Male) |
| 14:07 | Build | Farm |
| 14:13 | Build | Palisade Wall |
| 14:36 | Create | Skirmisher |
| 14:41 | Create | Villager (Male) |
| 14:43 | Build | House |
| 14:49 | Create | Skirmisher |
| 14:52 | Create | Skirmisher |
| 14:59 | Create | Villager (Male) |
| 15:01 | Build | House |
| 15:16 | Create | Villager (Male) |
| 15:23 | Build | Palisade Wall |
| 15:25 | Build | Palisade Wall |
| 15:27 | Create | Villager (Male) |
| 15:29 | Build | Farm |
| 15:30 | Build | Farm |
| 15:32 | Build | House |
| 15:35 | Create | Skirmisher |
| 15:38 | Build | Farm |
| 15:40 | Create | Villager (Male) |
| 15:59 | Research | Horse Collar |
| 16:15 | Build | Palisade Wall |
| 16:15 | Create | Villager (Male) |
| 16:23 | Build | Market |
| 16:40 | Create | Skirmisher |
| 16:53 | Create | Villager (Male) |
| 16:55 | Create | Skirmisher |
| 17:01 | Build | Farm |
| 17:10 | Create | Skirmisher |
| 17:12 | Build | Farm |
| 17:13 | Build | Farm |
| 17:18 | Build | Palisade Wall |
| 17:23 | Create | Villager (Male) |
| 17:27 | Create | Skirmisher |
| 17:41 | Create | Villager (Male) |
| 17:53 | Build | Stable |
| 18:17 | Create | Villager (Male) |
| 18:31 | Build | Farm |
| 18:33 | Build | Mill |
| 18:43 | Research | Castle Age |
| 18:52 | Build | House |
| 18:53 | Build | House |
| 18:59 | Create | Skirmisher |
| 20:09 | Build | House |
| 20:13 | Research | Scale Barding Armor |
| 20:13 | Research | Scale Barding Armor |
| 20:15 | Build | Farm |
| 20:16 | Build | Farm |
| 20:17 | Build | Farm |
| 20:32 | Build | Farm |
| 20:34 | Build | Mill |
| 20:40 | Build | Lumber Camp |
| 21:02 | Build | Farm |
| 21:09 | Age | Castle Age |
| 21:12 | Build | House |
| 21:14 | Build | Stone Wall |
| 21:14 | Create | Villager (Male) |
| 21:16 | Create | Knight |
| 21:16 | Create | Knight |
| 21:19 | Build | Siege Workshop |
| 21:26 | Create | Villager (Male) |
| 21:27 | Create | Knight |
| 21:32 | Build | Farm |
| 21:32 | Build | Farm |
| 21:34 | Research | Forging |
Build order — Shulk
First 150 of 424 actions detected
| 0:01 | Create | Villager (Male) |
| 0:01 | Create | Villager (Male) |
| 0:02 | Create | Villager (Male) |
| 0:02 | Build | House |
| 0:03 | Build | House |
| 0:05 | Build | House |
| 0:08 | Create | Villager (Male) |
| 1:25 | Create | Villager (Male) |
| 2:01 | Create | Villager (Male) |
| 2:03 | Build | Lumber Camp |
| 2:18 | Create | Villager (Male) |
| 2:18 | Create | Villager (Male) |
| 2:50 | Create | Villager (Male) |
| 3:07 | Create | Villager (Male) |
| 3:39 | Create | Villager (Male) |
| 3:50 | Build | House |
| 3:51 | Build | House |
| 4:01 | Create | Villager (Male) |
| 4:01 | Create | Villager (Male) |
| 4:29 | Create | Villager (Male) |
| 4:53 | Create | Villager (Male) |
| 5:02 | Create | Villager (Male) |
| 5:21 | Create | Villager (Male) |
| 5:28 | Build | Barracks |
| 5:51 | Create | Villager (Male) |
| 6:02 | Research | Loom |
| 6:14 | Build | House |
| 6:54 | Research | Feudal Age |
| 6:55 | Build | Palisade Wall |
| 7:08 | Create | Militia |
| 7:23 | Build | Mining Camp |
| 7:27 | Create | Militia |
| 7:27 | Create | Militia |
| 8:03 | Create | Militia |
| 8:26 | Build | Mill |
| 8:27 | Create | Militia |
| 8:42 | Create | Villager (Male) |
| 9:12 | Create | Villager (Male) |
| 9:16 | Age | Feudal Age |
| 9:18 | Create | Spearman |
| 9:29 | Create | Villager (Male) |
| 9:39 | Research | Man-at-Arms (upgrade) |
| 9:45 | Build | Archery Range |
| 9:55 | Build | Farm |
| 9:56 | Build | Farm |
| 9:58 | Create | Villager (Male) |
| 10:18 | Create | Villager (Male) |
| 10:20 | Build | Farm |
| 10:24 | Build | Palisade Wall |
| 10:26 | Build | Palisade Wall |
| 10:27 | Build | Palisade Wall |
| 10:34 | Build | Farm |
| 10:38 | Create | Spearman |
| 10:42 | Build | House |
| 10:55 | Build | House |
| 11:03 | Create | Villager (Male) |
| 11:08 | Build | Farm |
| 11:11 | Build | Farm |
| 11:14 | Create | Militia |
| 11:19 | Create | Villager (Male) |
| 11:21 | Create | Skirmisher |
| 11:22 | Create | Skirmisher |
| 11:27 | Build | Palisade Wall |
| 11:28 | Create | Villager (Male) |
| 11:31 | Build | Palisade Wall |
| 11:32 | Build | Palisade Wall |
| 11:34 | Create | Villager (Male) |
| 11:37 | Build | Palisade Wall |
| 11:41 | Create | Villager (Male) |
| 11:57 | Create | Skirmisher |
| 12:10 | Create | Skirmisher |
| 12:16 | Create | Villager (Male) |
| 12:24 | Build | Palisade Wall |
| 12:29 | Build | Palisade Wall |
| 12:31 | Create | Skirmisher |
| 12:51 | Create | Skirmisher |
| 13:04 | Create | Villager (Male) |
| 13:04 | Create | Villager (Male) |
| 13:08 | Build | Palisade Wall |
| 13:13 | Create | Militia |
| 13:15 | Build | House |
| 13:23 | Research | Double-Bit Axe |
| 13:27 | Create | Skirmisher |
| 13:30 | Build | House |
| 13:42 | Create | Villager (Male) |
| 13:42 | Create | Villager (Male) |
| 13:49 | Create | Villager (Male) |
| 14:03 | Build | Blacksmith |
| 14:07 | Create | Skirmisher |
| 14:18 | Create | Villager (Male) |
| 14:18 | Build | Farm |
| 14:37 | Create | Villager (Male) |
| 14:40 | Create | Skirmisher |
| 14:50 | Research | Fletching |
| 14:57 | Create | Skirmisher |
| 15:00 | Build | House |
| 15:02 | Build | Mining Camp |
| 15:06 | Create | Villager (Male) |
| 15:16 | Create | Skirmisher |
| 15:23 | Create | Villager (Male) |
| 15:28 | Build | Lumber Camp |
| 15:32 | Create | Skirmisher |
| 15:53 | Create | Skirmisher |
| 15:54 | Create | Skirmisher |
| 15:56 | Create | Villager (Male) |
| 15:59 | Build | Farm |
| 16:02 | Create | Villager (Male) |
| 16:22 | Build | Palisade Wall |
| 16:32 | Create | Villager (Male) |
| 16:37 | Create | Villager (Male) |
| 16:44 | Create | Skirmisher |
| 16:44 | Create | Skirmisher |
| 16:56 | Create | Villager (Male) |
| 17:03 | Create | Militia |
| 17:11 | Create | Skirmisher |
| 17:16 | Build | Barracks |
| 17:23 | Build | Barracks |
| 17:28 | Create | Skirmisher |
| 17:34 | Build | Watch Tower |
| 17:37 | Create | Villager (Male) |
| 17:44 | Build | Watch Tower |
| 17:47 | Create | Skirmisher |
| 17:50 | Build | Farm |
| 17:51 | Build | Farm |
| 17:51 | Build | Farm |
| 17:58 | Create | Villager (Male) |
| 18:02 | Create | Villager (Male) |
| 18:14 | Build | Farm |
| 18:22 | Create | Villager (Male) |
| 18:27 | Create | Militia |
| 18:27 | Create | Militia |
| 18:38 | Create | Villager (Male) |
| 18:41 | Create | Skirmisher |
| 18:41 | Create | Skirmisher |
| 18:47 | Build | House |
| 18:48 | Create | Villager (Male) |
| 18:59 | Build | House |
| 19:00 | Create | Militia |
| 19:04 | Build | Watch Tower |
| 19:10 | Create | Villager (Male) |
| 19:30 | Create | Villager (Male) |
| 19:31 | Build | Farm |
| 19:31 | Build | Farm |
| 19:32 | Build | Farm |
| 19:39 | Create | Militia |
| 19:39 | Create | Militia |
| 19:43 | Create | Villager (Male) |
| 19:46 | Build | Watch Tower |
| 19:52 | Create | Militia |
| 19:59 | Build | Watch Tower |
Match timeline
| 5:28 | Shulk · first_building Barracks |
| 6:55 | Shulk · wall_segment Palisade Wall x5 |
| 7:32 | EbolasRider · wall_segment Palisade Wall x1 |
| 7:33 | EbolasRider · wall_segment Palisade Wall x1 |
| 7:33 | EbolasRider · wall_segment Palisade Wall x1 |
| 8:08 | EbolasRider · first_building Barracks |
| 8:15 | EbolasRider · wall_segment Palisade Wall x1 |
| 8:28 | EbolasRider · age_up feudal |
| 9:05 | EbolasRider · first_building Archery Range |
| 9:15 | EbolasRider · wall_segment Palisade Wall x1 |
| 9:16 | Shulk · age_up feudal |
| 9:19 | EbolasRider · wall_segment Palisade Wall x1 |
| 9:21 | EbolasRider · wall_segment Palisade Wall x1 |
| 9:24 | EbolasRider · wall_segment Palisade Wall x1 |
| 9:25 | EbolasRider · wall_segment Palisade Wall x1 |
| 9:45 | Shulk · first_building Archery Range |
| 10:24 | Shulk · wall_segment Palisade Wall x1 |
| 10:26 | Shulk · wall_segment Palisade Wall x1 |
| 10:27 | Shulk · wall_segment Palisade Wall x1 |
| 11:27 | Shulk · wall_segment Palisade Wall x8 |
| 11:31 | Shulk · wall_segment Palisade Wall x1 |
| 11:32 | Shulk · wall_segment Palisade Wall x9 |
| 11:37 | Shulk · wall_segment Palisade Wall x14 |
| 12:24 | Shulk · wall_segment Palisade Wall x7 |
| 12:29 | Shulk · wall_segment Palisade Wall x3 |
| 13:08 | Shulk · wall_segment Palisade Wall x3 |
| 14:13 | EbolasRider · wall_segment Palisade Wall x2 |
| 15:23 | EbolasRider · wall_segment Palisade Wall x14 |
| 15:25 | EbolasRider · wall_segment Palisade Wall x1 |
| 16:15 | EbolasRider · wall_segment Palisade Wall x7 |
| 16:22 | Shulk · wall_segment Palisade Wall x1 |
| 17:18 | EbolasRider · wall_segment Palisade Wall x1 |
| 17:22 | EbolasRider · first_market_buy 100 food |
| 17:53 | EbolasRider · first_building Stable |
| 21:09 | EbolasRider · age_up castle |
| 21:14 | EbolasRider · wall_segment Stone Wall x1 |
| 21:19 | EbolasRider · first_building Siege Workshop |
| 21:46 | Shulk · wall_segment Stone Wall x13 |
| 21:49 | EbolasRider · wall_segment Palisade Wall x1 |
| 21:51 | Shulk · wall_segment Stone Wall x5 |
| 22:44 | Shulk · wall_segment Stone Wall x7 |
| 22:55 | Shulk · wall_segment Stone Wall x1 |
| 23:56 | Shulk · wall_segment Stone Wall x3 |
| 23:57 | Shulk · wall_segment Stone Wall x1 |
| 24:16 | EbolasRider · first_building Monastery |
| 24:24 | Shulk · wall_segment Stone Wall x1 |
| 25:32 | Shulk · wall_segment Stone Wall x3 |
| 25:35 | Shulk · wall_segment Stone Wall x1 |
| 26:27 | Shulk · wall_segment Stone Wall x1 |
| 27:22 | Shulk · wall_segment Stone Wall x1 |
| 27:24 | Shulk · wall_segment Stone Wall x7 |
| 27:29 | EbolasRider · first_market_sell 100 wood |
| 28:31 | Shulk · first_market_buy 100 stone |
| 28:48 | EbolasRider · first_building Castle |
| 30:15 | Shulk · age_up castle |
| 30:34 | Shulk · first_market_sell 100 wood |
| 31:08 | Shulk · first_building Castle |
| 32:31 | Shulk · first_building Siege Workshop |
| 35:22 | Shulk · first_building Monastery |
| 41:22 | EbolasRider · age_up imperial |
| 41:28 | Shulk · resign |
[ AI ANALYSIS · 1 CREDIT ]
What really happened in this match?
Wolo.gg analyzes every decision: build order, eco, micro, common mistakes by bracket. Personalized analysis on WhatsApp or Discord in 30 seconds.
Civ guide
Persians
Perfil
Zaid (EbolasRider)